 Dungeon Crawl Stone Soup version 0.21-a0-128-gf2b353c (webtiles) character file.

10707 kuniqs the Arsonist (level 11, 0/54 HPs)
             Began as a Deep Elf Fire Elementalist on July 16, 2017.
             Was an Elder of Vehumet.
             Slain by an unseen horror (1 damage)
             ... on level 10 of the Dungeon.
             The game lasted 00:23:28 (13185 turns).

kuniqs the Arsonist (Deep Elf Fire Elementalist)   Turns: 13185, Time: 00:23:28

Health: 0/54       AC:  4    Str:  5    XL:     11   Next: 39%
Magic:  7/25       EV: 17    Int: 24    God:    Vehumet [****..]
Gold:   214        SH:  0    Dex: 15    Spells: 4/27 levels left

rFire    . . .     SeeInvis .   j - +0 lajatang
rCold    . . .     Gourm    .   (shield currently unavailable)
rNeg     . . .     Faith    .   G - +0 robe {Archmagi}
rPois    .         Spirit   .   m - +0 helmet
rElec    .         Reflect  .   (no cloak)
rCorr    +         Harm     .   (no gloves)
MR       +....                  n - +0 pair of boots
Stlth    ++++......             (no amulet)
HPRegen  0.18/turn              u - ring of resist corrosion
MPRegen  0.19/turn              (no ring)

@: no status effects
A: no striking features
a: Renounce Religion


You were on level 10 of the Dungeon.
You worshipped Vehumet.
Vehumet was greatly pleased with you.
You were not hungry.

You visited 2 branches of the dungeon, and saw 11 of its levels.

You collected 439 gold pieces.
You spent 225 gold pieces at shops.

Inventory:

Hand Weapons
 j - a +0 lajatang (weapon)
Missiles
 v - 157 stones
 w - a throwing net (quivered)
Armour
 m - a +0 helmet (worn)
 n - a +0 pair of boots (worn)
 G - a +0 robe of the Archmagi (worn)
Jewellery
 u - a ring of resist corrosion (left hand)
Wands
 a - a wand of digging (8/24)
 C - a wand of confusion (38/48)
Scrolls
 c - a scroll of magic mapping
 g - a scroll of immolation
 i - 5 scrolls of identify {@r1}
 k - 4 scrolls of teleportation
 l - a scroll of fear
 x - a scroll of enchant weapon {unknown}
 E - 4 scrolls of amnesia
Potions
 h - 2 potions of might
 o - a potion of resistance {unknown}
 r - 2 potions of lignification
 s - 4 potions of curing {@q1}
 t - a potion of haste
 A - a potion of flight {unknown}
 B - a potion of berserk rage {unknown}
 D - 2 potions of brilliance
 H - 3 potions of heal wounds
Books
 b - a book of Flames

   Spells                             Type                      Level
   a - Flame Tongue                   Conjuration/Fire             1
   b - Throw Flame                    Conjuration/Fire             2
   c - Conjure Flame                  Conjuration/Fire             3
   d - Inner Flame                    Hexes/Fire                   3
   e - Sticky Flame                   Conjuration/Fire             4
   f - Fireball                       Conjuration/Fire             5
Comestibles
 d - 7 bread rations
 e - 4 meat rations
 f - 7 fruits
 p - 4 chunks of flesh
 q - 2 royal jellies


   Skills:
 + Level 8.1 Dodging
 + Level 8.7 Stealth
 + Level 8.8 Spellcasting
 * Level 10.2 Conjurations
 * Level 10.8 Fire Magic
 + Level 0.0 Ice Magic
 - Level 6.0 Evocations


You had 4 spell levels left.
You knew the following spells:

 Your Spells              Type           Power        Failure   Level  Hunger
a - Flame Tongue          Conj/Fire      #####        1%          1    None
b - Throw Flame           Conj/Fire      ######       1%          2    None
c - Sandblast             Erth           ###...       1%          1    None
d - Sticky Flame          Conj/Fire      #######.     1%          4    ##.....
e - Conjure Flame         Conj/Fire      #######.     1%          3    None
f - Fireball              Conj/Fire      #######...   1%          5    ####...
g - Mephitic Cloud        Conj/Pois/Air  #####...     1%          3    None
h - Throw Icicle          Conj/Ice       ######..     1%          4    ##.....


Dungeon Overview and Level Annotations

Branches:
Dungeon (10/15)            Temple (1/1) D:4            Lair (0/6) D:9
    Orc: D:9-12

Altars:
Ashenzari
Cheibriados
Dithmenos
Elyvilon
Fedhas
Gozag
Hepliaklqana
Makhleb
Nemelex Xobeh
Okawaru
Qazlal
Ru
Sif Muna
Trog
Uskayaw
Vehumet
Wu Jian
Xom
Yredelemnul
Zin
The Shining One

Shops:
D:6 !!

Annotations:
D:2 1 runed door
D:8 exclusion: centaur warrior
D:9 exclusion: 3 doors


Message History

The unseen horror completely misses you.
Aim: an unseen horror (severely wounded, slightly transparent, covered in liquid flames)
You feel a surge of power!
The puff of flame hits the unseen horror.
The unseen horror burns!
Something hits you!
You start resting.
Something closely misses you.
You start resting.
Something closely misses you. Something hits you.
Something hits you but does no damage. Something hits you. Something hits you.
Something barely misses you.
You feel a surge of power! Something closely misses you. Something hits you!
* * * LOW HITPOINT WARNING * * *
Something hits you.
* * * LOW HITPOINT WARNING * * *
Something hits you!
* * * LOW HITPOINT WARNING * * *
You feel a surge of power! Something barely misses you.
You feel a surge of power! Something hits you.
You die...

#......#†#...#
#......#)#...#
########)....#
##....# #))..#
##...# #..†#
##.## #.@# ##.##
#..# ##.###.##
#######.........
#...............
#...............
#..............†
#...............


There were no monsters in sight!

Vanquished Creatures
  3 two-headed ogres
  Pikel (D:5)
  Prince Ribbit (D:8)
  3 hippogriffs
  Grinder (D:6)
  A hornet (D:7)
  Sigmund (D:2)
  6 yaks (D:9)
  3 hungry ghosts
  Edmund (D:6)
  Menkaure (D:6)
  A water moccasin (D:8)
  A black bear (D:9)
  3 porcupines (D:9)
  2 ice beasts
  2 orc warriors
  4 slaves (D:5)
  3 sky beasts
  A centaur (D:9)
  3 ogres
  3 phantoms
  2 crocodiles (D:9)
  A big kobold (D:10)
  6 bullfrogs
  6 scorpions
  7 killer bees
  11 wights
  3 howler monkeys
  5 crimson imps
  6 jellies
  2 bullfrog skeletons
  2 centaur zombies
  4 orc priests
  7 hounds
  2 centaur skeletons (D:8)
  A gnoll shaman (D:5)
  4 iguanas
  9 orc wizards
  7 worker ants
  A hound zombie (D:8)
  2 hound skeletons (D:4)
  A worker ant zombie (D:8)
  22 gnolls
  3 adders
  A shadow imp (D:5)
  An ooze (D:5)
  5 dart slugs
  3 leopard geckos
  30 orcs
  A ball python (D:1)
  A bat skeleton (D:9)
  A bat zombie (D:9)
  3 giant cockroaches
  4 goblins
  8 hobgoblins
  11 jackals
  22 kobolds
  2 quokkas (D:9)
  6 bats
  10 frilled lizards
  A giant cockroach zombie (D:6)
  A leopard gecko skeleton (D:5)
  A quokka skeleton (D:7)
  A quokka zombie (D:9)
  3 rats
  2 fungi (D:2)
277 creatures vanquished.

Vanquished Creatures (others)
  5 bushes (D:9)
  8 fungi (D:9)
  12 plants (D:9)
25 creatures vanquished.

Grand Total: 302 creatures vanquished

Notes
Turn   | Place    | Note
-------+----------+-------------------------------------------
     0 | D:1      | kuniqs the Deep Elf Fire Elementalist began the quest for the Orb.
     0 | D:1      | Reached XP level 1. HP: 10/10 MP: 6/6
   130 | D:1      | Reached XP level 2. HP: 15/15 MP: 6/8
   798 | D:2      | Learned a level 2 spell: Throw Flame
  1020 | D:2      | Reached XP level 3. HP: 9/19 MP: 4/9
  1215 | D:1      | Learned a level 3 spell: Conjure Flame
  1427 | D:2      | Noticed Sigmund
  1433 | D:2      | Killed Sigmund
  1433 | D:2      | Reached XP level 4. HP: 8/24 MP: 1/12
  1433 | D:2      | Reached XP level 5. HP: 10/28 MP: 1/13
  2074 | D:2      | Learned a level 4 spell: Sticky Flame
  2522 | D:2      | Found a runed door.
  3014 | D:3      | Reached XP level 6. HP: 32/32 MP: 11/14
  3517 | D:3      | Reached skill level 5 in Fire Magic
  3882 | D:4      | Found a staircase to the Ecumenical Temple.
  3891 | Temple   | Entered the Ecumenical Temple
  3896 | Temple   | Became a worshipper of Vehumet
  4140 | D:4      | Found a hide-covered altar of Uskayaw.
  4450 | D:4      | Reached XP level 7. HP: 36/36 MP: 4/15
  4579 | D:4      | Found a white marble altar of Elyvilon.
  4588 | D:4      | Reached skill level 1 in Evocations
  4608 | D:4      | Reached * piety under Vehumet
  4608 | D:4      | Offered knowledge of Sandblast by Vehumet.
  4617 | D:4      | Learned a level 1 spell: Sandblast
  4839 | D:5      | Entered Level 5 of the Dungeon
  4965 | D:5      | Found a stormy altar of Qazlal.
  5484 | D:5      | Reached skill level 5 in Conjurations
  5647 | D:5      | Noticed Pikel
  5876 | D:5      | Reached skill level 5 in Spellcasting
  6034 | D:4      | Reached XP level 8. HP: 19/41 MP: 6/17
  6506 | D:5      | Killed Pikel
  6506 | D:5      | Reached skill level 5 in Dodging
  6506 | D:5      | Reached skill level 5 in Stealth
  6711 | D:5      | Learned a level 5 spell: Fireball
  6836 | D:6      | Found Zuetrar's Distillery.
  6843 | D:6      | Bought a potion of heal wounds for 75 gold pieces
  6843 | D:6      | Bought a potion of degeneration for 15 gold pieces
  6916 | D:6      | Noticed Grinder
  6923 | D:6      | Paralysed by Grinder for 6 turns
  6930 | D:6      | Killed Grinder
  7042 | D:6      | Reached XP level 9. HP: 45/45 MP: 15/19
  7627 | D:6      | Noticed Menkaure
  7629 | D:6      | Killed Menkaure
  7823 | D:6      | Offered knowledge of Shock by Vehumet.
  7971 | D:6      | Noticed Edmund
  7989 | D:6      | Killed Edmund
  8029 | D:6      | Found Kitof's Distillery.
  8037 | D:6      | Bought a potion of heal wounds for 75 gold pieces
  8037 | D:6      | Bought a potion of brilliance for 60 gold pieces
  8299 | D:7      | Reached ** piety under Vehumet
  9354 | D:7      | Found a snail-covered altar of Cheibriados.
  9475 | D:7      | Reached skill level 5 in Evocations
  9484 | D:8      | Noticed a two-headed ogre
  9645 | D:8      | Offered knowledge of Mephitic Cloud by Vehumet.
  9655 | D:8      | Reached XP level 10. HP: 50/50 MP: 1/22
  9740 | D:8      | Found an ornate altar of the Wu Jian Council.
 10111 | D:8      | Noticed Prince Ribbit
 10129 | D:8      | Killed Prince Ribbit
 10601 | D:8      | Learned a level 3 spell: Mephitic Cloud
 10888 | D:8      | Noticed a centaur warrior
 10951 | D:8      | Killed a two-headed ogre
 11170 | D:9      | Reached *** piety under Vehumet
 11714 | D:9      | Found a glowing golden altar of the Shining One.
 11734 | D:9      | Reached skill level 10 in Fire Magic
 11789 | D:9      | Noticed a two-headed ogre
 11799 | D:9      | Killed a two-headed ogre
 11909 | D:9      | Offered knowledge of Fulminant Prism by Vehumet.
 11948 | D:9      | Reached XP level 11. HP: 54/54 MP: 17/25
 12199 | D:9      | Noticed a two-headed ogre
 12320 | D:9      | Killed a two-headed ogre
 12320 | D:9      | Reached skill level 10 in Conjurations
 12458 | D:9      | Reached **** piety under Vehumet
 12574 | D:9      | Found a staircase to the Lair.
 12877 | D:10     | Entered Level 10 of the Dungeon
 13038 | D:10     | Offered knowledge of Throw Icicle by Vehumet.
 13049 | D:10     | Learned a level 4 spell: Throw Icicle
 13172 | D:10     | Noticed an unseen horror
 13183 | D:10     | HP: 1/54 [something (8)]
 13185 | D:10     | Slain by an unseen horror

Vault maps used:
D:1:      lightli_arrival_quake, minmay_tree_intersection, minmay_pentomino_x2
D:2:      uniq_sigmund, uniq_crazy_yiuf_cottage
D:3:      first_bread
D:4:      nicolae_overflow_crystal_walls, lemuel_crystal_altar,
          minmay_temple_entry_large_hall
D:5:      nicolae_qazlal_general_emergency, uniq_pikel
D:6:      serial_shops, nicolae_shop_stone, shop_statue, uniq_menkaure,
          uniq_grinder, uniq_edmund
D:7:      kennysheep_little_box
D:8:      lemuel_coloured_pillars_altar, uniq_prince_ribbit1
D:9:      tso_altar, kennysheep_vampire_church, minmay_lair_entry_grove
D:10:     david_orc_3, grunt_ogre_cave, minmay_misc_feat_hallway,
          grunt_tough_drop
Temple:   minmay_freezing_vapour_temple

Skill      XL: |  1  2  3  4  5  6  7  8  9 10 11 |
---------------+----------------------------------+-----
Dodging        | 3 4 5 6 7 8 |  8.1
Conjurations   | 3 4 5 6 8 9 10 | 10.2
Stealth        | 3 4 5 6 8 |  8.7
Spellcasting   | 4 5 7 8 |  8.8
Fire Magic     | 4 5 6 7 8 10 | 10.8
Evocations     | 2 3 5 6 |  6.0

Action                   |  1- 3 |  4- 6 |  7- 9 | 10-12 || total
-------------------------+-------+-------+-------+-------++-------
Melee: Lajatang          |       |    15 |    61 |     8 ||    84
 Cast: Flame Tongue      |    30 |    34 |   163 |   210 ||   437
       Throw Flame       |    18 |    66 |   116 |   113 ||   313
       Sandblast         |       |       |    32 |       ||    32
       Conjure Flame     |       |       |    12 |    14 ||    26
       Sticky Flame      |       |       |     3 |     6 ||     9
       Fireball          |       |       |       |     9 ||     9
Evoke: Wand              |       |       |     3 |     7 ||    10
  Use: Scroll            |       |     4 |     7 |       ||    11
       Potion            |       |       |     4 |     1 ||     5
 Stab: Sleeping          |       |       |     1 |       ||     1
  Eat: Chunk             |       |     8 |    15 |    14 ||    37
       Bread ration      |       |     1 |       |       ||     1
       Fruit             |       |       |     1 |       ||     1
Armor: Robe              |       |       |    19 |    10 ||    29
       Skin              |       |       |    35 |       ||    35
Dodge: Dodged            |     4 |     5 |    76 |    57 ||   142
